 Dungeon Crawl Stone Soup version 0.30.1-4-g462c640d31 (webtiles) character file.

Game seed: 2926883988162935584

150124 Wiggles the Executioner (level 16, -1/157 HPs)
             Began as a Minotaur Berserker on Sept 4, 2023.
             Was a High Priest of Trog.
             Slain by a tarantella (4 damage)
             ... on level 2 of the Spider Nest.
             The game lasted 00:48:34 (26864 turns).

Wiggles the Executioner (Minotaur Berserker)       Turns: 26864, Time: 00:48:34

Health: -1/157     AC: 21    Str: 37    XL:     16   Next: 98%
Magic:  0/15       EV: 11    Int:  4    God:    Trog [*****.]
Gold:   2258       SH:  0    Dex: 13    Spells: 15/15 levels left

rFire   + . .        C - +10 broad axe of the Eleven Teeth {flame, Stlth+}
rCold   . . .        Q - +6 tower shield
rNeg    . . .        L - +0 plate armour
rPois   +            s - +2 hat
rElec   .            K - scarf "Kitrel" {shadows, rPois Dex+2}
rCorr   .            i - +1 pair of gloves
SInv    .            (no boots)
Will    +....        c - amulet of guardian spirit Stlth
                     M - ring of Awe {rF+ Str+2}
HPRegen 0.46/turn    U - +6 ring of strength
MPRegen 0.14/turn

%: guardian spirit
@: confused, lethally poisoned (-1 -> -2)
A: horns 2, retaliatory headbutt
a: Renounce Religion, Berserk, Trog's Hand, Brothers in Arms


You were on level 2 of the Spider Nest.
You worshipped Trog.
Trog was extremely pleased with you.
You visited 5 branches of the dungeon, and saw 27 of its levels.
You also visited: Sewer.

You collected 3014 gold pieces.
You spent 756 gold pieces at shops.

Inventory:

Hand Weapons
 q - a +2 battleaxe
 C - the +10 broad axe of the Eleven Teeth (weapon) {flame, Stlth+}
   (You found it on level 8 of the Dungeon)

   Stlth:     It makes you more stealthy.
Missiles
 W - 10 throwing nets (quivered)
Armour
 a - a +1 buckler of protection
 i - a +1 pair of gloves (worn)
 s - a +2 hat (worn)
 F - a +1 cloak of preservation
 K - the scarf "Kitrel" (worn) {shadows, rPois Dex+2}
   (You found it on level 9 of the Dungeon)

   Dex:       It affects your dexterity (+2).
   rPois:     It protects you from poison.
 L - a +0 plate armour (worn)
 Q - a +6 tower shield (worn)
Jewellery
 c - an amulet of guardian spirit (around neck)
 e - a +5 ring of evasion
 p - a ring of flight
 u - an amulet of magic regeneration
 w - a ring of fire
 B - a +5 ring of evasion
 E - a ring of resist corrosion
 J - an amulet of reflection
 M - the ring of Awe (left hand) {rF+ Str+2}
   (You found it on level 1 of the Lair of Beasts)

   [ring of protection from fire]

   Str:       It affects your strength (+2).
   rF:        It protects you from fire.
 T - a ring of fire
 U - a +6 ring of strength (right hand)
 V - a ring of magical power
 Y - a ring of protection from fire
Wands
 m - a wand of flame (42)
 y - a wand of mindburst (27)
 A - a wand of paralysis (25)
 D - a wand of light (11)
 O - a wand of polymorph (9)
Scrolls
 d - 5 scrolls of fear
 g - 4 scrolls of teleportation
 j - 3 scrolls of poison
 n - 8 scrolls of identify
 r - 3 scrolls of fog
 z - 7 scrolls of enchant weapon
 P - 6 scrolls of blinking
 S - 3 scrolls of summoning
 X - a scroll of silence
Potions
 b - 2 potions of resistance
 f - 9 potions of lignification
 h - 4 potions of invisibility
 k - 2 potions of magic
 l - 5 potions of flight
 o - 12 potions of curing
 t - 5 potions of mutation
 v - 6 potions of cancellation
 x - 5 potions of might
 G - 7 potions of attraction
 H - a potion of berserk rage
 I - 5 potions of haste
 N - 3 potions of ambrosia
Miscellaneous
 R - a tin of tremorstones (2/2)


   Skills:
 + Level 18.3 Fighting
 + Level 21.3 Axes
 + Level 15.9 Armour
 + Level 6.3 Dodging
 + Level 3.0 Stealth
 + Level 17.3 Shields


You had 15 spell levels left.
You didn't know any spells.
Your spell library was empty.

Dungeon Overview and Level Annotations

Branches:
Dungeon (15/15)            Temple (0/1) D:4            Lair (5/5) D:10
 Shoals (3/4) Lair:2       Spider (2/4) Lair:3        Slime (0/5) Lair:4
    Orc (2/2) D:10            Elf (0/3) Orc:2        Vaults (0/5) D:14
 Depths (0/4) D:15          Sewer (visited)

Altars:
Ashenzari
Cheibriados
Dithmenos
Elyvilon
Fedhas
Gozag
Hepliaklqana
Nemelex Xobeh
Okawaru
Qazlal
Ru
Trog
Uskayaw
Wu Jian
Xom
Yredelemnul
Zin
Jiyva

Shops:
D:7 *!:!   D:9 !(?:(   D:10 !   D:11 !   Orc:1 ?*   Orc:2 :**[   Shoals:1 (
Shoals:2 :

Portals:
Abyss: Orc:1
Trove: D:15 (give horn of Geryon)

Annotations:
D:11 1 runed translucent door, Zeor's ghost, novice DsGl
D:14 1 transporter
Lair:4 1 runed translucent door
Orc:1 2 transporters, Ugragh's ghost, journeyman DsAK


Innate Abilities, Weirdness & Mutations

You have a pair of horns on your head.
You reflexively headbutt those who attack you in melee.


Message History

* * * LOW HITPOINT WARNING * * *
The tarantella touches you.
* * * LOW HITPOINT WARNING * * *
The culicivora bites you!
* * * LOW HITPOINT WARNING * * *
The culicivora draws strength from your injuries!
You feel sick. The tarantella closely misses you.
You completely miss the tarantella. Your headbutt misses the tarantella.
The tarantella is heavily wounded.
You slash the tarantella! You burn the tarantella.
You completely miss the culicivora.
You feel sick. The culicivora closely misses you.
The tarantella closely misses you. x2
The tarantella is healed somewhat.
The tarantella touches you but does no damage.
You barely miss the tarantella.
The tarantella is lightly wounded.
You barely miss the tarantella. You barely miss the culicivora.
You feel sick. The tarantella touches you!
* * * LOW HITPOINT WARNING * * *
The tarantella's wounds heal themselves!
The tarantella barely misses you.
You are too confused!
You slash the tarantella! You burn the tarantella.
The tarantella is moderately wounded.
You closely miss the culicivora. You slice the tarantella!!
You burn the tarantella!
You kill the tarantella!
Trog accepts your kill.
The tarantella touches you but does no damage.
The tarantella is healed somewhat.
You bump into the rock wall.
You feel sick. The tarantella touches you!
* * * LOW HITPOINT WARNING * * *
The culicivora closely misses you.
The tarantella touches you but does no damage.
You slash the tarantella! You burn the tarantella.
Your headbutt misses the tarantella.
The tarantella is severely wounded.
You slash the culicivora! You burn the culicivora.
You feel sick. The culicivora closely misses you. The tarantella touches you.
You die...

######## .......# .......#
##### ###...## #.@s###### #
......(########..s...#.#.##
.....#....##..###..........
##.###..............†......
####...###........##.####..
# #^..#...##^.#^..### #
###......####^...# #
#....### ###.## # #...## ##


You could see a culicivora and a tarantella.

Vanquished Creatures
  Mlioglotl (Shoals:1)
  A broodmother (Spider:2)
  4 dire elephants (Lair:5)
  A fire dragon (D:15)
  The ghost of Shake04 the Cruncher, a journeyman VSFi of Makhleb (D:12)
  An entropy weaver (Spider:2)
  An ice dragon (D:15)
  8 vault guards (D:14)
  A rakshasa (D:15)
  An ogre mage (D:15)
  5 two-headed ogres
  5 centaur warriors
  11 hydras
  3 boulder beetles
  A merfolk avatar (Shoals:3)
  A jorogumo (Spider:1)
  3 satyrs
  5 death yaks (Lair:3)
  A merfolk aquamancer (Shoals:2)
  A tengu warrior (D:14)
  2 orc high priests
  A spectral dire elephant (Lair:5)
  Amaemon (D:11)
  Nergalle (D:12)
  9 skeletal warriors (D:15)
  7 skysharks
  A spectral death yak (Lair:5)
  A sun moth (Spider:2)
  2 pharaoh ants
  A spectral anaconda (Lair:5)
  3 sea snakes
  An obsidian statue (Lair:5)
  2 orb spiders (Spider:1)
  A wizard (D:14)
  A steelbarb worm (Spider:1)
  3 necromancers (Lair:5)
  6 orc knights
  2 deep elf pyromancers (D:15)
  8 wolf spiders
  22 ugly things
  An orc sorcerer (Orc:2)
  8 harpies
  15 manticores
  10 cyclopes
  16 fauns
  4 elephants (Lair:5)
  4 merfolk sirens
  3 black mambas
  A demonic crawler (Spider:1)
  5 water nymphs
  A gargoyle (D:12)
  11 cane toads
  An orange demon (D:11)
  Maggie (D:6)
  2 rime drakes
  7 komodo dragons
  A freezing wraith (D:15)
  3 efreet
  An ice devil (D:12)
  A tengu conjurer (D:15)
  9 merfolk
  A polar bear (Lair:5)
  3 wind drakes
  A polar bear (shapeshifter) (D:13)
  2 trolls (Orc:1)
  22 blink frogs
  19 tarantellas
  A spectral elephant (Lair:5)
  A wolf spider simulacrum (D:12)
  2 hornets
  2 dream sheep (Lair:3)
  3 slime creatures
  4 snapping turtles
  5 centaur simulacra
  9 jumping spiders
  7 culicivoras (Spider:1)
  2 shadows
  6 wyverns
  5 water elementals
  16 yaks
  2 basilisks
  3 steam dragons (D:7)
  A death yak simulacrum (Lair:5)
  20 redbacks
  12 vampire mosquitoes
  A warg (Orc:2)
  An acid dragon (D:11)
  A spectral cane toad (Lair:5)
  11 water moccasins
  2 elephant zombies (Lair:5)
  Duvessa (D:5)
  19 orc warriors
  2 sky beasts (D:7)
  8 ogres
  11 centaurs
  An elephant skeleton (Lair:5)
  14 wolves
  A kobold brigand (D:10)
  Blork the orc (D:5)
  4 scorpions
  8 bullfrogs
  A hornet simulacrum (D:15)
  Dowan (D:5)
  11 killer bees
  An elephant simulacrum (Lair:5)
  14 howler monkeys
  A jelly (D:6)
  5 hounds
  22 orc priests
  Crazy Yiuf (D:6)
  3 sleepcaps (D:5)
  6 iguanas
  24 orc wizards
  A boggart simulacrum (D:12)
  9 gnolls
  13 adders
  3 shadow imps
  14 white imps
  2 ufetubi
  3 worms (D:4)
  2 dart slugs
  67 orcs
  5 ball pythons
  7 bats
  5 endoplasms
  3 giant cockroaches
  10 goblins
  7 hobgoblins
  15 jackals
  12 kobolds
  5 quokkas
  4 frilled lizards
  8 rats
756 creatures vanquished.

Vanquished Creatures (collateral kills)
  Saint Roka (Orc:2)
  Polyphemus (Shoals:3)
  A merfolk impaler (Shoals:3)
  A catoblepas (Shoals:3)
  2 death yaks (Shoals:3)
  4 orc high priests (Orc:2)
  A skeletal warrior (D:15)
  A manticore (Shoals:3)
  3 orc knights (Orc:2)
  A faun (Shoals:2)
  3 merfolk (Shoals:3)
  3 dream sheep (Lair:3)
  11 orc warriors (Orc:2)
  A centaur (Shoals:3)
  10 orc priests (Orc:2)
  5 orcs (Orc:2)
49 creatures vanquished.

Vanquished Creatures (others)
  An ugly thing (D:13)
  4 tentacles (Shoals:2)
5 creatures vanquished.

Grand Total: 810 creatures vanquished

Notes
Turn   | Place    | Note
-------+----------+-------------------------------------------
     0 | D:1      | Wiggles the Minotaur Berserker began the quest for the Orb.
     0 | D:1      | Reached XP level 1. HP: 19/19 MP: 0/0
   144 | D:1      | Reached skill level 4 in Axes
   144 | D:1      | Reached XP level 2. HP: 12/27 MP: 1/1
   671 | D:1      | Reached XP level 3. HP: 33/33 MP: 2/2
  1048 | D:2      | Reached ** piety under Trog
  1705 | D:3      | Found a blossoming altar of Fedhas.
  1725 | D:3      | Reached XP level 4. HP: 41/41 MP: 3/3
  1737 | D:3      | Reached skill level 5 in Axes
  2203 | D:3      | Reached XP level 5. HP: 42/47 MP: 4/4
  2748 | D:4      | Reached skill level 5 in Fighting
  2753 | D:4      | Reached *** piety under Trog
  2796 | D:4      | Found a glowing drain.
  2895 | Sewer    | Entered a sewer
  2959 | Sewer    | Noticed a water moccasin
  2967 | Sewer    | Killed a water moccasin
  2968 | Sewer    | Reached skill level 6 in Axes
  2968 | Sewer    | Reached XP level 6. HP: 56/56 MP: 5/5
  3155 | D:4      | Noticed an air elemental
  3158 | D:4      | Found a stormy altar of Qazlal.
  3160 | D:4      | Noticed a fire elemental
  3160 | D:4      | Noticed a water elemental
  3184 | D:4      | Found a sacrificial altar of Ru.
  3229 | D:4      | Reached XP level 7. HP: 39/61 MP: 3/6
  3233 | D:4      | Reached skill level 1 in Stealth
  3326 | D:4      | Reached skill level 5 in Armour
  3362 | D:4      | Reached skill level 7 in Axes
  3394 | D:4      | Found a staircase to the Ecumenical Temple.
  3932 | D:5      | Entered Level 5 of the Dungeon
  3932 | D:5      | Noticed Blork the orc
  3942 | D:5      | Killed Blork the orc
  4045 | D:5      | Reached **** piety under Trog
  4285 | D:5      | Found an ornate altar of the Wu Jian Council.
  4335 | D:5      | Noticed Dowan
  4335 | D:5      | Noticed Duvessa
  4340 | D:5      | Killed Duvessa
  4341 | D:5      | Reached skill level 8 in Axes
  4341 | D:5      | Reached XP level 8. HP: 70/70 MP: 7/7
  4343 | D:5      | Killed Dowan
  4620 | D:6      | Found a runed translucent door.
  4632 | D:6      | Noticed Crazy Yiuf
  4641 | D:6      | Killed Crazy Yiuf
  4871 | D:6      | Found a hide-covered altar of Uskayaw.
  4897 | D:6      | Noticed Maggie
  4916 | D:6      | Killed Maggie
  4917 | D:6      | Reached skill level 9 in Axes
  4981 | D:6      | Identified the +9 quarterstaff "Urhiv" {heavy, rElec Str-3
                  | Int+2}
  6109 | D:7      | Found Jeryfun's Distillery.
  6115 | D:7      | Found Qupriuw's Book Shoppe.
  6341 | D:7      | Reached XP level 9. HP: 56/79 MP: 6/8
  6355 | D:7      | Reached skill level 10 in Axes
  6576 | D:7      | Found Dusil's Distillery.
  6581 | D:7      | Bought a potion of heal wounds for 65 gold pieces
  6607 | D:7      | Found a glowing silver altar of Zin.
  6607 | D:7      | Found a basalt altar of Yredelemnul.
  6737 | D:7      | Found an iron altar of Okawaru.
  6760 | D:7      | Found a snail-covered altar of Cheibriados.
  6909 | D:7      | Reached skill level 11 in Axes
  6925 | D:7      | Found Jep Gank's General Store.
  6928 | D:7      | Bought a +1 buckler of protection for 198 gold pieces
  6928 | D:7      | Bought 2 potions of heal wounds for 120 gold pieces
  6928 | D:7      | Bought a scroll of enchant armour for 90 gold pieces
  7088 | D:8      | Reached ***** piety under Trog
  7147 | D:8      | Found a sparkling altar of Nemelex Xobeh.
  7321 | D:8      | Found a hazy altar of Hepliaklqana.
  7444 | D:8      | Found a bloodstained altar of Trog.
  7700 | D:8      | Identified the +10 broad axe of the Eleven Teeth {flame,
                  | Stlth+}
  7836 | D:9      | Noticed a two-headed ogre
  7836 | D:9      | Found Jeerchuk's Magic Scroll Shop.
  7845 | D:9      | Killed a two-headed ogre
  7846 | D:9      | Reached skill level 5 in Dodging
  7846 | D:9      | Reached XP level 10. HP: 77/90 MP: 7/9
  7887 | D:9      | Bought a scroll of identify for 28 gold pieces
  7887 | D:9      | Bought a scroll of enchant armour for 105 gold pieces
  7909 | D:9      | Reached skill level 12 in Axes
  7909 | D:9      | Reached skill level 1 in Shields
  7925 | D:9      | Found a shadowy altar of Dithmenos.
  7944 | D:9      | Found Aguor's Distillery.
  7953 | D:9      | Found Byasadgh's Antique Weapon Boutique.
  7979 | D:9      | Found Setwoete's Book Shoppe.
  7980 | D:9      | Noticed a manticore
  7996 | D:9      | Killed a manticore
  8092 | D:9      | Found Geicw's Weapon Emporium.
  8144 | D:9      | Identified the +9 rapier of Slow Death {distort, Int+4}
  8338 | D:9      | Identified the scarf "Kitrel" {shadows, rPois Dex+2}
  8390 | D:9      | Identified the +1 robe "Qet Saseuso" {rElec Dex+3}
  8451 | D:10     | Entered Level 10 of the Dungeon
  8496 | D:10     | Found a white marble altar of Elyvilon.
  8533 | D:10     | Found Jiumairph's Distillery.
  8639 | D:10     | Found a broken altar of Ashenzari.
  8762 | D:10     | Bought 2 potions of heal wounds for 150 gold pieces
  8915 | D:10     | Found an opulent altar of Gozag.
  8935 | D:10     | Found a staircase to the Lair.
  8947 | D:10     | Noticed a two-headed ogre
  8954 | D:10     | Killed a two-headed ogre
  8955 | D:10     | Reached skill level 13 in Axes
  8955 | D:10     | Reached skill level 10 in Armour
  9042 | D:10     | Found a staircase to the Orcish Mines.
  9183 | D:11     | Noticed a boulder beetle
  9200 | D:11     | Killed a boulder beetle
  9285 | D:11     | Noticed an orange demon
  9295 | D:11     | Killed an orange demon
  9296 | D:11     | Reached XP level 11. HP: 99/99 MP: 10/10
  9302 | D:11     | Noticed Amaemon
  9312 | D:11     | Killed Amaemon
  9424 | D:11     | Found Zeaci Duoh's Distillery.
  9627 | D:11     | Reached skill level 14 in Axes
  9675 | D:11     | Reached skill level 10 in Fighting
  9675 | D:11     | Identified the +9 quarterstaff of Scorn {heavy, *Corrode
                  | rPois Dex+5} (Trog gifted it to you on level 11 of the
                  | Dungeon)
  9675 | D:11     | Received a gift from Trog
 10001 | D:11     | Found a runed translucent door.
 10001 | D:11     | Found a shimmering altar of Xom.
 10001 | D:11     | Noticed a +2 long sword of chaos
 10001 | D:11     | Noticed Zeor's ghost (novice DsGl)
 10249 | D:12     | Noticed Nergalle
 10299 | Lair:1   | Entered Level 1 of the Lair of Beasts
 10299 | Lair:1   | Found an ornate altar of the Wu Jian Council.
 10493 | Lair:1   | Identified the ring of Awe {rF+ Str+2}
 10547 | Lair:1   | Reached skill level 15 in Axes
 11451 | Lair:2   | Identified the +0 quarterstaff of Fahotzuc {speed, rF++
                  | rN+}
 11814 | Lair:3   | Noticed a death yak
 11814 | Lair:3   | Noticed a death yak
 11814 | Lair:3   | Noticed a death yak
 11815 | Lair:3   | Noticed a four-headed hydra
 11815 | Lair:3   | Noticed a death yak
 11828 | Lair:3   | Killed a death yak
 11829 | Lair:3   | Noticed a death yak
 11834 | Lair:3   | Killed a death yak
 11838 | Lair:3   | Killed a death yak
 11841 | Lair:3   | Killed a death yak
 11845 | Lair:3   | Reached XP level 12. HP: 75/108 MP: 7/11
 11850 | Lair:3   | Killed a death yak
 11851 | Lair:3   | Reached skill level 16 in Axes
 11900 | Lair:3   | Killed a two-headed hydra
 12335 | Lair:3   | Noticed a five-headed hydra
 12341 | Lair:3   | Killed a two-headed hydra
 12384 | Lair:3   | Reached skill level 17 in Axes
 12480 | Lair:3   | Found a hole to the Spider Nest.
 12930 | Lair:4   | Found a runed translucent door.
 12930 | Lair:4   | Found a viscous altar of Jiyva.
 12931 | Lair:4   | Noticed an azure jelly
 12932 | Lair:4   | Noticed an azure jelly
 12933 | Lair:4   | Found a staircase to the Slime Pits.
 12933 | Lair:4   | Noticed an azure jelly
 12933 | Lair:4   | Noticed an azure jelly
 12937 | Lair:4   | Noticed a seven-headed hydra
 12938 | Lair:4   | Noticed a four-headed hydra
 12947 | Lair:4   | Killed a three-headed hydra
 12948 | Lair:4   | Reached skill level 5 in Shields
 12950 | Lair:4   | Killed a two-headed hydra
 13483 | Lair:4   | Reached XP level 13. HP: 108/118 MP: 10/12
 14082 | Lair:5   | Entered Level 5 of the Lair of Beasts
 14416 | Lair:5   | Reached skill level 18 in Axes
 15171 | Lair:5   | Noticed a dire elephant
 15171 | Lair:5   | Noticed a dire elephant
 15171 | Lair:5   | Noticed a dire elephant
 15172 | Lair:5   | Noticed a dire elephant
 15466 | Lair:5   | Killed a dire elephant
 15473 | Lair:5   | Killed a dire elephant
 15481 | Lair:5   | Killed a dire elephant
 15485 | Lair:5   | Killed a dire elephant
 15988 | D:12     | Killed Nergalle
 15989 | D:12     | Reached XP level 14. HP: 112/129 MP: 10/13
 15994 | D:12     | Reached skill level 10 in Shields
 16149 | D:12     | Identified the +5 falchion "Conservator" {protect, rN+
                  | Str+2}
 16280 | D:12     | Found a runed translucent gate.
 16285 | D:12     | Found a runed translucent gate.
 16286 | D:12     | Found a runed translucent gate.
 16683 | D:12     | Identified the +4 falchion "Minotaur's Death" {heavy, Str+2
                  | Int+3}
 16884 | D:12     | Noticed Shake04's ghost (journeyman VSFi)
 16927 | D:12     | Killed Shake04's ghost
 17179 | D:13     | Reached skill level 19 in Axes
 17771 | D:14     | Found a gate to the Vaults.
 17988 | D:14     | Reached skill level 15 in Fighting
 18035 | D:14     | Noticed a stone giant
 18147 | D:14     | Found a transporter.
 18479 | D:14     | Received a gift from Trog
 18592 | D:14     | Found a sacrificial altar of Ru.
 18807 | D:15     | Entered Level 15 of the Dungeon
 18867 | D:15     | Found a staircase to the Depths.
 18930 | D:15     | Found a portal to a secret trove of treasure.
 18954 | D:15     | Reached XP level 15. HP: 127/141 MP: 11/14
 19065 | D:15     | Reached skill level 20 in Axes
 20030 | Orc:1    | Entered Level 1 of the Orcish Mines
 20030 | Orc:1    | Found Xohelloi's Magic Scroll Shoppe.
 20051 | Orc:1    | Received a gift from Trog
 20294 | Orc:1    | Found a transporter.
 20317 | Orc:1    | Noticed Ugragh's ghost (journeyman DsAK)
 20319 | Orc:1    | Found a transporter.
 20545 | Orc:1    | Found a one-way gate to the infinite horrors of the Abyss.
 20557 | Orc:1    | Found Hor Moby's Mass Market.
 20838 | Orc:2    | Entered Level 2 of the Orcish Mines
 21046 | Orc:2    | Found a staircase to the Elven Halls.
 21053 | Orc:2    | Noticed Saint Roka
 21072 | Orc:2    | Killed Saint Roka
 21267 | Orc:2    | Reached skill level 15 in Armour
 22022 | Orc:2    | Found Omil's Assorted Antiques.
 22023 | Orc:2    | Found Woecw's Book Shoppe.
 22026 | Orc:2    | Found Juevig's General Store.
 22027 | Orc:2    | Found Faodukh's Armour Shoppe.
 22261 | Shoals:1 | Entered Level 1 of the Shoals
 22746 | Shoals:1 | Noticed Mlioglotl
 22747 | Shoals:1 | Found Jyco's Antique Weapon Emporium.
 22755 | Shoals:1 | Killed Mlioglotl
 22833 | Shoals:1 | Reached skill level 15 in Shields
 23114 | Shoals:1 | Reached XP level 16. HP: 154/155 MP: 15/15
 23407 | Shoals:2 | Received a gift from Trog
 24626 | Shoals:2 | Noticed a kraken
 25129 | Shoals:3 | Reached skill level 21 in Axes
 25175 | Shoals:3 | Noticed Polyphemus
 25185 | Shoals:3 | Killed Polyphemus
 25796 | Shoals:3 | Found a shimmering altar of Xom.
 25881 | Spider:1 | Entered Level 1 of the Spider Nest
 26296 | Spider:1 | Identified the +0 chain mail "Fiud" {rF- rN++}
 26621 | Spider:2 | Received a gift from Trog
 26863 | Spider:2 | HP: 4/157 [tarantella (6)]
 26864 | Spider:2 | Slain by a tarantella

Illustrated notes

Levels and vault maps discovered:
D:1:      psy_arrival_conway, layout_basic
D:2:      layout_rooms, chequers_big_river, supply_closet_lemuel
D:3:      layout_basic, mainiacjoe_overflow_tiny_flanked,
          nicolae_underground_beach
D:4:      minmay_general_purpose_star, layout_gridville,
          nicolae_qazlal_style_of_elements, amcnicky_altar_gilded,
          minmay_temple_entry_ruins, cheibrodos_sewer_entry_bend,
          dk_noncrumbling_2, minmay_crossroads
D:5:      layout_rooms, nzn_wu_jian_contemplation, st_stairs_1, uniq_duvessa,
          uniq_blork_the_orc
D:6:      layout_basic, nicolae_uskayaw_murder_on_the_dancefloor, uniq_maggie,
          uniq_crazy_yiuf_cottage
D:7:      cheibrodos_steamvent, layout_basic, mainiacjoe_overflow_alcove_2,
          okawaru_trees_2, mainiacjoe_overflow_divided_tiny, serial_shops, shop,
          nicolae_shop_stone, nicolae_shop_behind_doors, shop, grunt_tough_drop
D:8:      layout_gridville, mainiacjoe_overflow_surrounded_room,
          mainiacjoe_overflow_six_doors_small, bloody_trog
D:9:      layout_basic, mainiacjoe_overflow_chevrons, serial_shops, shop,
          nicolae_shop_waterfront, nicolae_shop_just_a_little_nook, shop,
          nicolae_shop_overgrown_old_shop
D:10:     layout_small_grid, mainiacjoe_overflow_cross_hatched,
          nicolae_overflow_crystal_walls, mainiacjoe_overflow_catwalk,
          lair_entry_dummy, orc_0_dummy, serial_shops, nicolae_shop_tiny_glass
D:11:     layout_basic, ebering_ghost_xom, serial_shops,
          nicolae_shop_just_a_little_nook, uniq_amaemon
D:12:     layout_big_octagon, portal_ice_cave_entry_imps, gammafunk_ghost_icy,
          roderic_serpentine_path, uniq_nergalle
D:13:     layout_rooms, due_unseen_surprise
D:14:     gammafunk_beogh_shrine, layout_cave_pods, erik_vaults_2,
          nicolae_ru_awakened_eye
D:15:     grunt_enter_depths_hoard, layout_loops_ring, enter_trove_2,
          dk_noncrumbling_3
Lair:1:   layout_regular_city, basic_altar, serial_bayou_shore_a
Lair:2:   layout_misc_corridors, nicolae_shoals_entry_flooding,
          pdpol_lair_neglected_garden, minmay_hedge_maze
Lair:3:   layout_cave_pods, nicolae_spider_entry_lesser_pyramids,
          grunt_megastairs_1
Lair:4:   layout_small_grid, slime_entry_2
Lair:5:   due_jungle_book, layout_regular_city
Shoals:1: layout_shoals, serial_shops, shop, nicolae_shoals_dead_sea_scrolls,
          uniq_mlioglotl
Shoals:2: layout_shoals, nicolae_shop_vocational
Shoals:3: layout_shoals, lemuel_centaur_altar, uniq_polyphemus
Spider:1: layout_spider_delve
Spider:2: layout_spider_delve
Orc:1:    nicolae_orc_accident_1, layout_caves, serial_shops, shop,
          gammafunk_ghost_abyssal_escape, minmay_shop_mass
Orc:2:    st_orc_pillars, layout_diamond_mine, uniq_saint_roka

Skill      XL: |  1  2  3  4  5  6  7  8  9 10 11 12 13 14 15 16 |
---------------+-------------------------------------------------+-----
Axes           | 4 5 6 8 9 11 13 15 17 18 19 20 21 | 21.3
Fighting       | 4 5 6 7 8 9 10 12 13 15 17 18 | 18.3
Armour         | 3 4 6 7 9 10 11 13 14 15 | 15.9
Dodging        | 3 4 5 6 |  6.3
Stealth        | 1 2 3 |  3.0
Shields        | 2 4 6 9 12 15 17 | 17.3

Action                     |  1- 3 |  4- 6 |  7- 9 | 10-12 | 13-15 | 16-18 || total
---------------------------+-------+-------+-------+-------+-------+-------++-------
  Melee: Hand axe          |    85 |   106 |   378 |       |       |       ||   569
         Headbutt          |     5 |    17 |    77 |    61 |   146 |    62 ||   368
         Punch             |       |     1 |     2 |       |       |       ||     3
         War axe           |       |       |    30 |       |       |       ||    30
         Broad axe         |       |       |     4 |   256 |   706 |   310 ||  1276
 Invoke: Berserk           |     1 |     2 |     7 |     8 |     6 |     1 ||    25
         Brothers in Arms  |       |       |       |     2 |    12 |     5 ||    19
  Evoke: Wand              |       |       |       |       |       |     1 ||     1
    Use: Scroll            |       |       |    16 |    11 |     5 |     1 ||    33
         Potion            |       |       |       |       |     9 |       ||     9
   Stab: Distracted        |       |       |       |       |     1 |       ||     1
 Armour: Animal skin       |     3 |       |       |       |       |       ||     3
         Ring mail         |    17 |    17 |       |       |       |       ||    34
         Leather armour    |     6 |       |       |       |       |       ||     6
         Chain mail        |       |    45 |   238 |     6 |       |       ||   289
         Plate armour      |       |       |       |    87 |   165 |   127 ||   379
  Dodge: Dodged            |    74 |    61 |   212 |   159 |   156 |    99 ||   761
  Block: Buckler           |       |       |     7 |    48 |       |       ||    55
         Tower shield      |       |       |       |    76 |   737 |   461 ||  1274
